 Dungeon Crawl Stone Soup version 0.26-a0-597-gb535b0901c (webtiles) character file.

Game seed: 3946745219706038484

10732 Lanoc the Zephyrmancer (level 11, -3/54 HPs)
             Began as a Deep Elf Air Elementalist on Sept 15, 2020.
             Was a Priest of Qazlal.
             Slain by an orc warrior
             ... wielding a +0 trident
              (16 damage)
             ... on level 9 of the Dungeon.
             The game lasted 00:22:36 (11589 turns).

Lanoc the Zephyrmancer (Deep Elf Air Elementalist) Turns: 11589, Time: 00:22:37

Health: -3/54      AC:  3    Str:  5    XL:     11   Next: 40%
Magic:  2/17       EV: 20    Int: 24    God:    Qazlal [***...]
Gold:   471        SH:  4    Dex: 17    Spells: 6/16 levels left

rFire    . . .     SeeInvis .   i - staff of earth
rCold    + . .     Faith    .   (no shield)
rNeg     . . .     Spirit   .   a - +0 robe
rPois    .         Reflect  .   (no helmet)
rElec    .         Harm     .   (no cloak)
rCorr    .                      v - +0 pair of gloves
MR       ++...                  (no boots)
Stlth    ++........             (no amulet)
HPRegen  0.18/turn              o - ring "Byach" {rC+ Dex+2}
MPRegen  0.15/turn              f - ring of protection from magic

@: no status effects
A: no striking features
a: Upheaval, Elemental Force, Renounce Religion


You were on level 9 of the Dungeon.
You worshipped Qazlal.
Qazlal was most pleased with you.
You visited 2 branches of the dungeon, and saw 10 of its levels.

You collected 471 gold pieces.

Inventory:

Armour
 a - a +0 robe (worn)
 v - a +0 pair of gloves (worn)
Magical Staves
 i - an uncursed staff of earth (weapon)
Jewellery
 f - a ring of protection from magic (right hand)
 o - the ring "Byach" (left hand) {rC+ Dex+2}
   (You found it on level 6 of the Dungeon)

   [ring of protection from cold]

   It affects your dexterity (+2).
   It protects you from cold.
 r - an uncursed ring of poison resistance
Wands
 g - a wand of flame (15)
 h - a wand of iceblast (11)
 n - a wand of polymorph (6)
Scrolls
 b - a scroll of fog
 d - a scroll of remove curse
 e - 2 scrolls of magic mapping
 j - 2 scrolls of teleportation
 k - 2 scrolls of amnesia
 l - 4 scrolls of enchant weapon
 s - a scroll of enchant armour
Potions
 c - 3 potions of curing
 m - 3 potions of lignification
 q - a potion of stabbing
 t - a potion of haste
 u - a potion of might


   Skills:
 + Level 11.2 Dodging
 - Level 2.4 Stealth
 - Level 3.0 Spellcasting
 + Level 10.2 Conjurations
 * Level 13.1 Air Magic


You had 6 spell levels left.
You knew the following spells:

 Your Spells              Type           Power        Failure   Level
a - Shock                 Conj/Air       ####         1%          1
b - Lightning Bolt        Conj/Air       ######....   2%          5
c - Airstrike             Air            ######....   1%          4

Your spell library contained the following spells:

 Spells                   Type           Power        Failure   Level
 Foxfire                  Conj/Fire      ####         1%          1
 Magic Dart               Conj           ####         1%          1
 Searing Ray              Conj           ######       1%          2
 Swiftness                Air            ######..     1%          2
 Static Discharge         Conj/Air       ######..     1%          3
 Conjure Flame            Conj/Fire      ####....     4%          3
 Dazzling Flash           Conj/Hex       ####..       4%          3
 Animate Skeleton         Necr           #.....       11%         1
 Pain                     Necr           #...         11%         1
 Fulminant Prism          Conj/Hex       ####......   13%         4
 Iskenderun's Mystic Bla  Conj/Tloc      ####....     13%         4
 Sticky Flame             Conj/Fire      ####....     13%         4
 Inner Flame              Hex/Fire       #.......     32%         3
 Vampiric Draining        Necr           #.........   32%         3
 Fireball                 Conj/Fire      ####......   36%         5
 Animate Dead             Necr           #.........   71%         4
 Agony                    Necr           #.......     96%         5


Dungeon Overview and Level Annotations

Branches:
Dungeon (9/15)             Temple (1/1) D:7
   Lair: D:8-11         Orc: D:9-12

Altars:
Ashenzari
Dithmenos
Fedhas
Kikubaaqudgha
Makhleb
Qazlal
Sif Muna
Xom
Zin
The Shining One

Annotations:
D:5 1 runed translucent door
D:6 exclusion: oklob plant
D:9 2 runed translucent doors


Message History

The bullfrog zombie completely misses you.
The adder misses you.
The orc wizard mumbles some strange words.
The orc wizard seems to speed up.
An orc priest comes into view. It is wielding a +0 club.
The centaur warrior shoots an arrow.
The arrow hits you!
The orc wizard points at you and mumbles some strange words.
The puff of frost hits you. You resist. You block the adder's attack.
The orc wizard gestures at you while chanting.
The magic dart hits you!
* * * LOW HITPOINT WARNING * * *
You see here an arrow.
Your surroundings suddenly seem different.
You hear a shout!
An orc warrior comes into view. It is wielding a +0 trident.
Found a potion of stabbing.
Found an escape hatch in the floor.
You hear a shout!
There is an escape hatch in the floor here.
The orc warrior hits you from afar with a +0 trident!
You die...

##. ... ...
# . #.. .#
.. #.. .#
...#.o###.#
..........#
.......@§.#
.....#☼.#.#
..# #..○.#
........!..#
############


You could see an orc warrior.

Vanquished Creatures
  A two-headed ogre (D:9)
  2 cyclopes
  A hornet (D:9)
  A hippogriff (D:7)
  Menkaure (D:5)
  3 black bears
  2 phantoms
  3 ice beasts
  A sky beast (D:8)
  2 orc warriors (D:7)
  A hornet zombie (D:9)
  8 ogres
  5 centaurs
  6 bullfrogs
  4 scorpions
  6 killer bees (D:8)
  7 wights
  4 howler monkeys
  2 centaur zombies
  4 hounds
  4 orc priests
  7 orc wizards
  2 jellies
  Jessica (D:3)
  A centaur skeleton (D:5)
  5 iguanas
  7 worker ants
  A hound zombie (D:9)
  2 hound skeletons
  A worker ant zombie (D:8)
  4 gnolls (D:8)
  A howler monkey skeleton (D:6)
  12 adders
  4 shadow imps
  4 white imps
  2 ufetubi (D:6)
  An ooze (D:4)
  An adder zombie (D:6)
  2 adder skeletons
  5 worms
  The ghost of Lanoc the Sneak, a weakling TeDe (D:5)
  2 dart slugs
  A leopard gecko (D:3)
  35 orcs
  6 giant cockroaches
  2 goblins (D:3)
  7 hobgoblins
  4 jackals (D:6)
  5 kobolds
  2 quokkas
  3 ball pythons
  2 bats (D:2)
  3 frilled lizards
  A jackal skeleton (D:4)
  4 rats
209 creatures vanquished.

Vanquished Creatures (others)
  A fungus (D:6)
  2 plants (D:6)
3 creatures vanquished.

Grand Total: 212 creatures vanquished

Notes
Turn   | Place    | Note
-------+----------+-------------------------------------------
     0 | D:1      | Lanoc the Deep Elf Air Elementalist began the quest for the
                  | Orb.
     0 | D:1      | Reached XP level 1. HP: 10/10 MP: 6/6
   338 | D:2      | Reached XP level 2. HP: 15/15 MP: 6/8
   431 | D:2      | Learned a level 2 spell: Swiftness
   586 | D:3      | Reached XP level 3. HP: 19/19 MP: 5/9
   698 | D:3      | Reached skill level 4 in Air Magic
   783 | D:3      | Reached XP level 4. HP: 24/24 MP: 6/10
  1267 | D:3      | Noticed Jessica
  1274 | D:3      | Killed Jessica
  1684 | D:3      | Reached XP level 5. HP: 28/28 MP: 9/11
  1855 | D:4      | Noticed an ogre
  1914 | D:4      | Learned a level 4 spell: Airstrike
  2075 | D:4      | Reached skill level 5 in Air Magic
  2341 | D:4      | Reached XP level 6. HP: 20/32 MP: 4/12
  2997 | D:4      | Reached skill level 6 in Air Magic
  3202 | D:4      | Reached XP level 7. HP: 36/36 MP: 10/13
  3248 | D:4      | Reached skill level 5 in Dodging
  3890 | D:5      | Entered Level 5 of the Dungeon
  3897 | D:5      | Found a stormy altar of Qazlal.
  3905 | D:5      | Became a worshipper of Qazlal Stormbringer
  4004 | D:5      | Found a runed translucent door.
  4007 | D:5      | Noticed Lanoc's ghost (weakling TeDe)
  4086 | D:5      | Found a runed translucent door.
  4155 | D:5      | Noticed Menkaure
  4169 | D:5      | Killed Menkaure
  4415 | D:5      | Reached skill level 7 in Air Magic
  4566 | D:5      | Reached skill level 5 in Conjurations
  4629 | D:5      | Reached XP level 8. HP: 41/41 MP: 8/14
  4708 | D:5      | Found a burning altar of Makhleb.
  4855 | D:5      | Found a shattered altar of Ashenzari.
  4928 | D:5      | Killed Lanoc's ghost
  4930 | D:5      | Reached * piety under Qazlal
  5436 | D:6      | Got a warped turquoise ring
  5438 | D:6      | Identified the ring "Byach" {rC+ Dex+2} (You found it on
                  | level 6 of the Dungeon)
  5533 | D:6      | Reached skill level 8 in Air Magic
  5679 | D:6      | Found a shimmering altar of Xom.
  5713 | D:6      | Found an ancient bone altar of Kikubaaqudgha.
  6330 | D:6      | Found a blossoming altar of Fedhas.
  6342 | D:6      | Noticed an oklob plant
  6638 | D:7      | Reached XP level 9. HP: 45/45 MP: 1/15
  6863 | D:7      | Reached skill level 9 in Air Magic
  6888 | D:7      | HP: 2/45 [ogre/+0 giant spiked club (23)]
  7279 | D:7      | Found a glowing silver altar of Zin.
  7739 | D:7      | Learned a level 5 spell: Lightning Bolt
  7835 | D:7      | Reached ** piety under Qazlal
  7984 | D:7      | Found a staircase to the Ecumenical Temple.
  8002 | Temple   | Entered the Ecumenical Temple
  8144 | D:7      | Found a shadowy altar of Dithmenos.
  8242 | D:7      | Found a shimmering blue altar of Sif Muna.
  8672 | D:7      | Found a glowing golden altar of the Shining One.
  8676 | D:7      | Reached skill level 10 in Air Magic
  9450 | D:8      | Noticed a cyclops
  9462 | D:8      | Killed a cyclops
  9462 | D:8      | Reached XP level 10. HP: 38/50 MP: 5/16
  9486 | D:8      | Reached skill level 10 in Dodging
  9486 | D:8      | Reached skill level 12 in Air Magic
  9486 | D:8      | Reached XP level 11. HP: 18/54 MP: 0/17
 10686 | D:9      | Reached *** piety under Qazlal
 11124 | D:9      | Reached skill level 10 in Conjurations
 11221 | D:9      | Noticed a two-headed ogre
 11226 | D:9      | Found a large runed translucent door.
 11226 | D:9      | Found a large runed translucent door.
 11258 | D:9      | Killed a two-headed ogre
 11258 | D:9      | Reached skill level 13 in Air Magic
 11581 | D:9      | Noticed a centaur warrior
 11589 | D:9      | Slain by an orc warrior

Illustrated notes

Levels and vault maps discovered:
D:1:      lightli_arrival_isolated_outpost, layout_loops_cross,
          minmay_misc_feat_alley, minmay_misc_feat_rugged, minivault_27
D:2:      layout_basic
D:3:      layout_loops_ring, st_stairs_10, uniq_jessica
D:4:      layout_loops_ring
D:5:      layout_rooms, old_standard_altar, lemuel_coloured_pillars_altar,
          marbit_many_paths, ebering_ghost_sewer_f, uniq_menkaure
D:6:      layout_basic, tgw_fedhas, kennysheep_mini, basic_altar
D:7:      layout_basic, old_standard_altar, grunt_dithmenos_smoke_and_mirrors,
          lemuel_crystal_altar, nicolae_tso_swordbearing_angel,
          minmay_temple_entry_arrows, st_stairs_9
D:8:      layout_basic
D:9:      minmay_slanted_spiral_squares, layout_stronghold,
          eat_drink_and_be_merry_uskayaw, minmay_hollow_rounded_squares,
          uniq_grum
Temple:   minmay_temple_bridge_abc

Skill      XL: |  1  2  3  4  5  6  7  8  9 10 11 |
---------------+----------------------------------+-----
Dodging        | 3 4 6 7 9 10 11 | 11.2
Conjurations   | 2 3 4 5 6 8 9 10 | 10.2
Air Magic      | 4 5 6 7 8 10 12 13 | 13.1
Stealth        | |  2.4
Spellcasting   | |  3.0

Action                   |  1- 3 |  4- 6 |  7- 9 | 10-12 || total
-------------------------+-------+-------+-------+-------++-------
Melee: Unarmed           |     5 |       |       |       ||     5
       Staff             |       |     7 |    30 |    22 ||    59
 Cast: Shock             |    41 |   152 |   222 |   102 ||   517
       Airstrike         |       |       |    60 |    14 ||    74
       Lightning Bolt    |       |       |       |     3 ||     3
  Use: Scroll            |       |       |    13 |     2 ||    15
       Potion            |       |       |       |    10 ||    10
Armor: Robe              |     1 |       |     6 |     6 ||    13
       Skin              |       |       |       |    26 ||    26
Dodge: Dodged            |     5 |    22 |    92 |    58 ||   177
Block: Other             |       |       |     3 |    15 ||    18

Table legend: (Time is in decaauts)
 A = Elapsed time spent in this place.
 B = Non-inter-level travel time spent in this place.
 C = Inter-level travel time spent in this place.
 D = Time resting spent in this place.
 E = Time spent auto-exploring this place.
 F = Levels seen in this place.
 G = Mean time per level.
                   A        B        C        D        E       F      G
               +--------+--------+--------+--------+--------+-----+--------+
         Total |  11600 |  11257 |    343 |    860 |   8958 |  10 | 1160.0 |
       Dungeon |  11599 |  11256 |    343 |    860 |   8958 |   9 | 1288.8 |
        Temple |      1 |      1 |      0 |      0 |      0 |   1 |    1.0 |
               +--------+--------+--------+--------+--------+-----+--------+

Top non-repeatable levels by time:
     D:7: 2222 daAuts
     D:3: 1874 daAuts
     D:8: 1847 daAuts
     D:4: 1625 daAuts
     D:6: 1513 daAuts
     D:5: 1122 daAuts
     D:9: 921 daAuts
     D:1: 239 daAuts
     D:2: 233 daAuts
  Temple: 1 daAuts
